 Dungeon Crawl Stone Soup version 0.14-a0-181-gf6fe0c6 (webtiles) character file.

246 Malachi the Grave Robber (level 5, 0/35 HPs)
             Began as a Mummy Necromancer on Oct 6, 2013.
             Was an Initiate of Kikubaaqudgha.
             Killed by divine providence
             ... invoked by an orc priest
              (12 damage)
             ... on Level 3 of the Dungeon.
             The game lasted 00:07:08 (3046 turns).

Malachi the Grave Robber (Mummy Necromancer)        Turns: 3046, Time: 00:07:08

HP   0/35        AC  5     Str 11      XL: 5   Next:  1%
MP   7/9         EV 11     Int 15      God: Kikubaaqudgha [......]
Gold 107         SH  8     Dex 12      Spells:  2 memorised,  4 levels left

Res.Fire  : . . .   See Invis. : .   d - +0 orc flail
Res.Cold  : + . .   Warding    : .   a - +0 robe
Life Prot.: + + +   Conserve   : .   m - +2 elf buckler {AC+3}
Res.Poison: +       Res.Corr.  : .   (no helmet)
Res.Elec. : .       Clarity    : .   (no cloak)
Sust.Abil.: . .     Spirit.Shd : .   (no gloves)
Res.Mut.  : .       Stasis     : .   (no boots)
Res.Rott. : +       Flight     : .   (no amulet)
Saprovore : . . .                    l - ring of protection from magic
                                     k - ring of protection from fire

@: quite resistant to hostile enchantments, unstealthy
A: no food or potions, fire vulnerability, restore body, cold resistance 1, life
protection 3, poison resistance, torment resistance, unbreathing
a: Renounce Religion


You were on level 3 of the Dungeon.
You worshipped Kikubaaqudgha.
Kikubaaqudgha was noncommittal.
You were not hungry.

You visited 1 branch of the dungeon, and saw 3 of its levels.

You collected 87 gold pieces.

Inventory:

Hand weapons
 d - a +0,+0 orcish flail (weapon)
Missiles
 c - 16 sling bullets
 g - 3 javelins (quivered)
 i - 2 needles of sleeping
Armour
 a - a +0 robe (worn)
 m - a +2 elven buckler of protection (worn)
Scrolls
 e - a scroll of recharging {unknown}
Jewellery
 k - a ring of protection from fire (left hand)
 l - a ring of protection from magic (right hand)
Books
 b - a book of Necromancy

   Spells                             Type                      Level
   *Pain                              Necromancy                   1
   Animate Skeleton                   Necromancy                   1
   Lethal Infusion                    Charms/Necromancy            2
   *Vampiric Draining                 Necromancy                   3
   Regeneration                       Charms/Necromancy            3
   Animate Dead                       Necromancy                   4
   Control Undead                     Necromancy                   4
Miscellaneous
 f - a plain deck of changes


   Skills:
 + Level 0.4 Throwing
 + Level 1.9 Dodging
 - Level 1.5 Stealth
 - Level 2.0 Spellcasting
 * Level 5.7 Necromancy


You had 4 spell levels left.
You knew the following spells:

 Your Spells              Type           Power        Failure   Level  Hunger
a - Pain                  Necr           ###.         2%          1    N/A
b - Vampiric Draining     Necr           ###.......   10%         3    N/A

Dungeon Overview and Level Annotations

Branches:
Dungeon (3/27)

Altars:
Kikubaaqudgha

Annotations:
D:2 Sigmund


Innate Abilities, Weirdness & Mutations

You do not eat or drink.
Your flesh is vulnerable to fire.
Your flesh is cold resistant.
You are immune to negative energy.
Your system is resistant to poisons.
You are immune to unholy pain and torment.
You can survive without breathing.


Message History

The orc is almost dead.
The orc hits you with an orcish hand axe.
You completely miss the orc.
The orc is almost dead.
The orc closely misses you.
You hit the orc.
You kill the orc!
Kikubaaqudgha accepts your kill. The orc hits you but does no damage.
You hit the orc.
The orc is lightly wounded.
The orc hits you with an orcish flail!
You barely miss the orc.
The orc is lightly wounded.
The orc priest shouts!
The orc misses you.
The orc priest invokes the aid of Beogh against you.
Something smites you!
You die...
Kikubaaqudgha rasps: "You have failed me!
Welcome... oblivion!"

#.....# #.#
####.....## ##.##
#o.....o..###.o..
#.##......)..####
#o##......####
#.####.##.#
#########o# #.##.#
#...).....# #.##.#
...######@.# #.##.#
#..# #.##.# #<.#
#.##.# #..# #.##.#
########..# #)##.#
##.........## #.##.#
##.....#.....###.#..#
#............[)..#.##
#......#.....#####.#


You could see an orc priest and 2 orcs.

Vanquished Creatures
  An orc priest (D:3)
  3 gnolls (D:3)
  2 worms
  5 orcs (D:3)
  3 giant cockroaches
  12 hobgoblins
  3 jackals (D:1)
  2 bats (D:1)
  2 giant geckos (D:1)
  8 giant newts
  9 goblins
  4 kobolds
  A quokka (D:2)
  10 rats
65 creatures vanquished.

Notes
Turn   | Place    | Note
--------------------------------------------------------------
     0 | D:1      | Malachi, the Mummy Necromancer, began the quest for the Orb.
     0 | D:1      | Reached XP level 1. HP: 13/13 MP: 3/3
   400 | D:1      | Reached XP level 2. HP: 19/19 MP: 2/4
  1026 | D:1      | Reached XP level 3. HP: 24/24 MP: 3/5
  1828 | D:2      | Learned a level 3 spell: Vampiric Draining
  1994 | D:2      | Reached skill level 5 in Necromancy
  2199 | D:2      | Found an ancient bone altar of Kikubaaqudgha.
  2224 | D:2      | Became a worshipper of Kikubaaqudgha
  2328 | D:2      | Noticed Sigmund
  2408 | D:3      | Reached XP level 4. HP: 13/30 MP: 0/8
  3036 | D:3      | Reached XP level 5. HP: 22/35 MP: 9/9
  3046 | D:3      | Killed from afar by an orc priest

Action                   |  1- 3 |  4- 6 || total
-------------------------+-------+-------++-------
Melee: Unarmed           |    21 |       ||    21
       Flail             |       |    38 ||    38
Throw: Javelin           |    18 |    10 ||    28
 Cast: Pain              |    76 |     1 ||    77
       Vampiric Draining |     1 |     4 ||     5
  Use: Scroll            |     7 |       ||     7
